cohdb
Replays
Latest Replays
All Replays
Popular Replays
Top Player Replays
Match Explorer
How It Works
Community
CoH3 Stats
Reddit
Sign in to upload your games and track your stats! →
Sign in with Steam
Match 40266997
Unlisted
Match 40266997
Overview
Messages
Build Orders
End
Construct Infanterie Kompanie
Kettenkrad Recon Vehicle
Selects Terror Battlegroup
Selects Machine Gun Camouflage
MG 42 Machine Gun Team
Grenadier Squad
MG 42 Machine Gun Team
Grenadier Squad
Construct Panzergrenadier Kompanie
Medical Station
GrW 34 Mortar Team
Grenadier Squad
Selects Contempt for the Weak
Pak 40 Anti-tank Gun Team
Construct Panzer Kompanie
Grenadier Squad
Selects Defend the Fatherland
Panzer IV Medium Tank
Pioneer Squad
Grenadier Squad
Panzer IV Medium Tank
Pak 40 Anti-tank Gun Team
Pak 40 Anti-tank Gun Team
Pak 40 Anti-tank Gun Team
Selects King Tiger Heavy Tank
King Tiger Heavy Tank
Panzer IV Medium Tank
Panzer Officer Quarters
Selects Jericho Trumpet
Support Elements
Jericho Trumpet
Construct Luftwaffe Kompanie
Pioneer Squad
Pioneer Squad
Side Skirts
Jericho Trumpet
Pioneer Squad
Pioneer Squad
StuG III G Assault Gun
Selects V1 Rocket Strike
Jäger Squad
Jäger Squad
Nebelwerfer 42 Rocket Launcher Team
King Tiger Heavy Tank
V1 Rocket Strike
Jäger Squad
King Tiger Heavy Tank
V1 Rocket Strike
Spartako
Itaca
Ætjien
freetime00
twig
CPU - VERY EASY
0
0
Comments
sign in to comment!
No comments posted yet!